 Dungeon Crawl Stone Soup version 0.14.1-1-g650416f (webtiles) character file.

297 Indrah22 the Vandal (level 5, 0/38 HPs)
             Began as a Centaur Conjurer on May 13, 2014.
             Slain by a mummy (14 damage)
             ... in an ossuary.
             The game lasted 00:24:56 (5065 turns).

Indrah22 the Vandal (Centaur Conjurer)              Turns: 5065, Time: 00:24:59

HP   0/38        AC  4     Str 11      XL: 5   Next: 93%
MP   5/8         EV  9     Int 15      God:
Gold 40          SH  0     Dex  9      Spells:  2 memorised,  4 levels left

rFire  . . .     SeeInvis .     a - +0,+1 short sword (curse)
rCold  . . .     Clarity  .     k - +0 robe
rNeg   . . .     Conserve .     (no shield)
rPois  .         rCorr    .     (no helmet)
rElec  .         rRot     .     (no cloak)
SustAb . .       Spirit   .     (no gloves)
rMut   .         Warding  .     (no barding)
Saprov . . .     Stasis   .     (no amulet)
MR     .....                    (no ring)
                                (no ring)

@: very slightly contaminated, hasted, very quick, not resistant to hostile
enchantments, very unstealthy
A: hooves 3, deformed body, herbivore 1, speed 2, fast metabolism 1, tough skin
3
a: no special abilities


You were in an ossuary.
You were not hungry.

You visited 1 branch of the dungeon, and saw 4 of its levels.
You also visited: Sewer and Ossuary.

You collected 40 gold pieces.

Inventory:

Hand weapons
 a - a cursed +0,+1 short sword (weapon)
 q - a +0,+0 sling
 y - a +1,+2 dagger of speed
 B - a cursed -1,-1 trident
Missiles
 h - 28 darts
 j - 32 stones (quivered)
 n - 4 sling bullets
 s - 12 arrows
 x - 10 bolts of flame
Armour
 k - a +0 robe (worn)
Magical devices
 g - a wand of polymorph (7)
Comestibles
 b - 6 bread rations
 i - 8 chunks of orc flesh
Scrolls
 l - a scroll of immolation {unknown}
 m - a scroll of amnesia
 o - a scroll of enchant weapon I {unknown}
 u - a scroll of identify {unknown}
 A - a scroll of random uselessness {unknown}
Jewellery
 f - an uncursed ring of positive energy {unknown}
Potions
 e - a potion of heal wounds {unknown}
 r - a potion of restore abilities {unknown}
 t - a potion of lignification {unknown}
 v - a potion of resistance {unknown}
Books
 c - a book of Conjurations

   Spells                             Type                      Level
   *Magic Dart                        Conjuration                  1
   Searing Ray                        Conjuration                  2
   *Dazzling Spray                    Conjuration/Hexes            3
   Fulminant Prism                    Conjuration/Hexes            4
   Iskenderun's Mystic Blast          Conjuration                  4
   Iskenderun's Battlesphere          Conjuration/Charms           5
 w - a book of Control

   Spells                             Type                      Level
   Control Teleport                   Charms/Translocation         4
   Control Undead                     Necromancy                   4
   Enslavement                        Hexes                        4
   Metabolic Englaciation             Hexes/Ice                    5
   Mass Confusion                     Hexes                        6


   Skills:
 + Level 3.0 Short Blades
 - Level 4.0 Slings
 - Level 1.3 Dodging
 - Level 1.5 Stealth
 - Level 2.2 Spellcasting
 - Level 3.7 Conjurations


You had 4 spell levels left.
You knew the following spells:

 Your Spells              Type           Power        Failure   Level  Hunger
a - Magic Dart            Conj           ##..         6%          1    #......
b - Dazzling Spray        Conj/Hex       #.......     34%         3    ####...


Dungeon Overview and Level Annotations

Branches:
Dungeon (4/15)
 Temple: D:4-7

Altars:

Annotations:
D:3 Grinder


Innate Abilities, Weirdness & Mutations

You have hooves in place of feet.
Armour fits poorly on your strangely shaped body.
You digest meat inefficiently.
You cover ground very quickly.
You have a fast metabolism.
You have extremely tough skin (AC +3).


Message History

The mummy is heavily damaged.
The mummy hits you but does no damage. The mummy hits you.
You hit the mummy. Your kick misses the mummy.
The mummy is severely damaged.
The mummy hits you!
Ouch! That really hurt!
You hit the mummy.
The mummy is almost destroyed.
You hit the mummy but do no damage.
The mummy is almost destroyed.
The mummy misses you. The mummy barely misses you.
Drink which item? (? for menu, Esc to quit)
Okay, then.
You completely miss the mummy. You kick the mummy.
You destroy the mummy!
You feel nervous for a moment...
Your +0,+1 short sword glows black for a moment.
Your Short Blades skill increases to level 3!
The mummy hits you!
You die...

###
#..######
##.M....#
#..M@.∩.+
##......#
#..######
###


You could see 2 mummies.

Vanquished Creatures
  An orc priest (D:3)
  A worker ant (D:3)
  Terence (D:3)
  A mummy (Ossuary)
  4 giant mites
  5 adders
  A green rat (D:3)
  3 worms (D:3)
  3 giant geckos
  5 orcs (D:3)
  4 bats
  3 giant cockroaches
  8 goblins
  9 hobgoblins
  7 jackals
  2 quokkas (D:2)
  6 ball pythons
  3 giant newts
  6 kobolds
  A kobold zombie (D:3)
  6 rats
80 creatures vanquished.

Notes
Turn   | Place    | Note
--------------------------------------------------------------
     0 | D:1      | Indrah22, the Centaur Conjurer, began the quest for the Orb.
     0 | D:1      | Reached XP level 1. HP: 14/14 MP: 2/2
   378 | D:1      | Reached XP level 2. HP: 20/20 MP: 0/3
  1668 | D:2      | Reached skill level 1 in Slings
  1668 | D:2      | Reached XP level 3. HP: 19/26 MP: 1/6
  1849 | D:2      | Learned a level 3 spell: Dazzling Spray
  2746 | D:3      | Reached XP level 4. HP: 31/33 MP: 0/6
  3177 | D:3      | Found a glowing drain.
  3223 | Sewer    | Entered a sewer
  3237 | Sewer    | Reached skill level 4 in Slings
  3407 | Sewer    | Noticed Purgy
  3692 | D:3      | Reached XP level 5. HP: 38/38 MP: 6/8
  3884 | D:3      | Reached skill level 1 in Short Blades
  4303 | D:3      | Noticed Grinder
  4305 | D:3      | Paralysed by Grinder for 6 turns
  4314 | D:3      | Paralysed by Grinder for 7 turns
  4598 | D:3      | Noticed Terence
  4615 | D:3      | Killed Terence
  5048 | D:4      | Found a sand-covered staircase.
  5054 | Ossuary  | Entered an ossuary
  5065 | Ossuary  | Slain by a mummy

Action                   |  1- 3 |  4- 6 || total
-------------------------+-------+-------++-------
Melee: Unarmed           |     1 |       ||     1
       Whip              |    28 |       ||    28
       Short sword       |    14 |    85 ||    99
 Fire: Sling             |    12 |    24 ||    36
Throw: Stone             |    11 |       ||    11
 Cast: Magic Dart        |    49 |    65 ||   114
Evoke: Wand              |       |     1 ||     1
  Use: Scroll            |     3 |     2 ||     5
       Potion            |       |     3 ||     3
 Stab: Sleeping          |       |     1 ||     1
